 Dungeon Crawl Stone Soup version 0.27-a0-380-g150de4c316 (webtiles) character file.

Game seed: 10061939031677176689

9526 DavidChitty2 the Destroyer (level 11, -15/99 HPs)
             Began as a Pale Draconian Conjurer on Feb 17, 2021.
             Was a High Priest of Vehumet.
             Demolished by a boulder beetle (57 damage)
             ... on level 11 of the Dungeon.
             The game lasted 00:34:07 (16456 turns).

DavidChitty2 the Destroyer (DrCj)                  Turns: 16456, Time: 00:34:07

Health: -15/99     AC: 14    Str: 12    XL:     11   Next: 24%
Magic:  5/32       EV: 10    Int: 26    God:    Vehumet [*****.]
Gold:   275        SH:  9    Dex: 11    Spells: 11/27 levels left

rFire    . . .     SeeInvis .   b - staff of conjuration {!a}
rCold    . . .     Faith    +   F - +0 kite shield
rNeg     + . .     Spirit   .   (armour unavailable)
rPois    .         Reflect  .   (helmet restricted)
rElec    .         Harm     .   L - +0 cloak of Cheibriados {rN+ Will++}
rCorr    .         Rampage  .   H - +2 pair of gloves {Stlth+}
Will     ++...                  K - +2 pair of boots of Lugonu's Approval {+Fly Str+3 Int+5}
Stlth    ++........             i - amulet of faith {!P}
HPRegen  0.26/turn              A - ring of wizardry
MPRegen  0.23/turn              J - ring of magical power

@: no status effects
A: breathe steam, unfitting armour, cold-blooded, AC +7
a: Breathe Steam, Renounce Religion, Evoke Flight


You were on level 11 of the Dungeon.
You worshipped Vehumet.
Vehumet was extremely pleased with you.
You visited 2 branches of the dungeon, and saw 12 of its levels.
You also visited: Ossuary.

You collected 828 gold pieces.
You spent 553 gold pieces at shops.

Inventory:

Hand Weapons
 a - a +2 hand axe of flaming
   (You found it on level 1 of the Dungeon)
Missiles
 f - 30 poisoned darts (quivered)
Armour
 E - a +0 buckler
   (You bought it in a shop on level 4 of the Dungeon)
 F - a +0 kite shield (worn)
   (You found it on level 7 of the Dungeon)
 H - a +2 pair of gloves of stealth (worn)
   (You found it on level 7 of the Dungeon)
 K - the +2 pair of boots of Lugonu's Approval (worn) {+Fly Str+3 Int+5}
   (You bought it in a shop on level 4 of the Dungeon)

   It affects your strength (+3).
   It affects your intelligence (+5).
   It lets you fly.
 L - the +0 cloak of Cheibriados (worn) {rN+ Will++}
   (You bought it in a shop on level 4 of the Dungeon)

   It protects you from negative energy.
   It affects your willpower, your defense against some magical effects.
Magical Staves
 b - a staff of conjuration (weapon) {!a}
   (You found it on level 3 of the Dungeon)
Jewellery
 i - an amulet of faith (around neck) {!P}
   (You found it on level 1 of the Dungeon)
 s - an amulet of reflection
   (You took it off an orc wizard on level 4 of the Dungeon)
 v - a ring of fire
   (You found it on level 5 of the Dungeon)
 x - an amulet of regeneration {unknown}
   (You found it on level 5 of the Dungeon)
 A - a ring of wizardry (left hand)
   (You found it on level 6 of the Dungeon)
 J - a ring of magical power (right hand)
   (You found it on level 7 of the Dungeon)
Wands
 d - a wand of iceblast (4)
   (You found it on level 9 of the Dungeon)
 t - a wand of flame (29)
   (You found it on level 3 of the Dungeon)
 B - a wand of charming (3)
   (You found it on level 5 of the Dungeon)
Scrolls
 e - a scroll of amnesia
 k - 2 scrolls of magic mapping
 m - 2 scrolls of identify {@r1}
 y - 2 scrolls of blinking
 z - 3 scrolls of teleportation {@r4}
 C - a scroll of enchant armour
 I - 2 scrolls of immolation {!r}
Potions
 c - 2 potions of magic
 g - a potion of haste {unknown}
 h - 4 potions of lignification {!q}
 j - 3 potions of might
 l - a potion of brilliance
 n - 4 potions of attraction {unknown}
 o - a potion of mutation {unknown}
 p - 2 potions of invisibility
 q - 2 potions of berserk rage
 r - a potion of resistance
 u - a potion of ambrosia
 D - 6 potions of curing {@q1}
 G - 2 potions of heal wounds {@q2}


   Skills:
 + Level 9.7 Fighting
 - Level 1.7 Dodging
 - Level 1.7 Stealth
 + Level 5.1 Shields
 + Level 8.5 Spellcasting
 - Level 10.0 Conjurations
 - Level 3.0 Translocations
 - Level 5.0 Fire Magic
 - Level 3.0 Poison Magic


You had 11 spell levels left.
You knew the following spells:

 Your Spells              Type           Power        Failure   Level
a - Magic Dart            Conj           100%         1%          1
b - Fireball              Conj/Fire      33%          3%          5
s - Searing Ray           Conj           100%         1%          2
x - Iskenderun's Mystic   Conj/Tloc      61%          1%          4
y - Olgreb's Toxic Radia  Pois           26%          7%          4

Your spell library contained the following spells:

 Spells                   Type           Power        Failure   Level
 Bolt of Magma            Conj/Fire/Erth 26%          8%          5
 Dazzling Flash           Conj/Hex       100%         1%          3
 Mephitic Cloud           Conj/Pois/Air  50%          1%          3
 Ignite Poison            Fire/Tmut/Pois 24%          2%          3
 Fulminant Prism          Conj/Hex       26%          3%          4
 Sting                    Tmut/Pois      72%          4%          1
 Poisonous Vapours        Pois/Air       36%          6%          2
 Airstrike                Air            5%           19%         4


Dungeon Overview and Level Annotations

Branches:
Dungeon (11/15)            Temple (1/1) D:4            Lair (0/6) D:8
    Orc (0/2) D:9         Ossuary (visited)

Altars:
Ashenzari
Cheibriados
Dithmenos
Elyvilon
Fedhas
Gozag
Hepliaklqana
Kikubaaqudgha
Makhleb
Nemelex Xobeh
Okawaru
Qazlal
Ru
Sif Muna
Trog
Uskayaw
Vehumet
Wu Jian
Xom
Yredelemnul
Zin
The Shining One
Beogh

Shops:
D:3 [   D:4 [((*[   D:7 ?


Innate Abilities, Weirdness & Mutations

You can breathe blasts of scalding, opaque steam.
Your pale cyan-grey scales are hard. (AC +7)
You cannot fit into any form of body armour.
You are cold-blooded and may be slowed by cold attacks.


Message History

The purple ugly thing is knocked back by the mystic blast.
Aim: a purple ugly thing (almost dead, 17% to evade)
You feel a surge of power!
The searing ray hits the purple ugly thing!
You kill the purple ugly thing!
Vehumet accepts your kill. (Press . to maintain the ray.)
Your Shields skill increases to level 5!
Aim: a boulder beetle (0% to evade)
You feel a surge of power!
The magic dart hits the boulder beetle but does no damage.
The boulder beetle curls into a ball and begins rolling!
Throw: 34 darts (poison)
Aim: a boulder beetle (90% to hit)
You throw a poisoned dart.
The poisoned dart hits the boulder beetle.
Throw: 33 darts (poison)
Aim: a boulder beetle (89% to hit)
You throw a poisoned dart.
The poisoned dart hits the boulder beetle.
You block the boulder beetle's attack.
The boulder beetle stops rolling and uncurls.
Throw: 32 darts (poison)
Aim: a boulder beetle (90% to hit)
You throw a poisoned dart.
The poisoned dart hits the boulder beetle.
The boulder beetle is poisoned.
You block the boulder beetle's attack.
Throw: 31 darts (poison)
Aim: a boulder beetle (lightly wounded, poisoned, 90% to hit)
You throw a poisoned dart.
The poisoned dart barely misses the boulder beetle.
The boulder beetle leaps!
The boulder beetle curls into a ball and begins rolling!
Aim: a boulder beetle (lightly wounded, poisoned, 0% to evade)
You feel a surge of power!
The magic dart hits the boulder beetle but does no damage.
Aim: a boulder beetle (lightly wounded, poisoned, 0% to evade)
You feel a surge of power!
The magic dart hits the boulder beetle but does no damage.
The boulder beetle hits you!!!
Ouch! That really hurt!
* * * LOW HITPOINT WARNING * * *
The boulder beetle stops rolling and uncurls.
Okay, then.
The boulder beetle curls into a ball and begins rolling!
The boulder beetle looks more healthy.
The boulder beetle hits you!!!
Ouch! That really hurt!
You die...

# #.)........# .# ...
#........### .#..#
#...<.#### .#B# #......#
######### ...## ######.#
#.......##....#. #.#
#(...(..(..(.... #.#
###..°...>.#......
#.#######.B○°.....##......
##.....)..@#.......#
......
#....#######.......#
....## #....# #########
....# #....# ....# #....#
....# ######


You could see a boulder beetle.

Vanquished Creatures
  A hydra (D:11)
  An unseen horror (D:10)
  A wolf spider zombie (D:11)
  An ugly thing (D:11)
  A gargoyle (D:9)
  A troll (D:9)
  Prince Ribbit (D:6)
  A yak (D:8)
  A steam dragon (D:10)
  An acid dragon (D:10)
  4 water moccasins (D:8)
  3 orc warriors
  A swamp drake (D:9)
  7 black bears
  2 necrophages
  2 sky beasts
  7 ogres
  2 centaurs (D:5)
  2 phantoms
  A gnoll sergeant (D:8)
  2 bullfrogs
  A wyvern skeleton (D:11)
  3 water moccasin zombies (Ossuary)
  3 scorpions
  3 killer bees (D:10)
  A howler monkey (D:7)
  15 wights
  2 electric eels (D:6)
  3 bullfrog zombies (D:5)
  6 hounds
  3 quasits
  2 centaur zombies
  5 jellies
  10 orc priests
  A bullfrog skeleton (D:9)
  3 iguanas
  7 orc wizards
  7 worker ants
  2 mummies (Ossuary)
  21 gnolls
  A howler monkey skeleton (D:8)
  9 adders
  5 shadow imps
  2 white imps
  2 ufetubi (D:9)
  An ooze (D:3)
  6 adder zombies (Ossuary)
  2 worms (D:3)
  3 dart slugs
  6 leopard geckos
  57 orcs
  3 ball pythons
  9 giant cockroaches
  7 gnoll zombies (Ossuary)
  33 goblins
  19 hobgoblins
  12 jackals
  5 quokkas
  4 bats
  5 frilled lizards
  5 hobgoblin zombies (Ossuary)
  15 kobolds
  2 kobold zombies (Ossuary)
  A leopard gecko skeleton (D:5)
  A leopard gecko zombie (D:5)
  4 orc zombies (Ossuary)
  8 rats
368 creatures vanquished.

Vanquished Creatures (others)
  45 fungi (D:8)
  42 plants (D:8)
87 creatures vanquished.

Grand Total: 455 creatures vanquished

Notes
Turn   | Place    | Note
-------+----------+-------------------------------------------
     0 | D:1      | DavidChitty2 the Draconian Conjurer began the quest for the
                  | Orb.
     0 | D:1      | Reached XP level 1. HP: 14/14 MP: 3/3
   168 | D:1      | You fall into a shaft and drop 1 floor!
   206 | D:2      | Reached XP level 2. HP: 22/22 MP: 0/5
   254 | D:2      | Learned a level 2 spell: Searing Ray
   268 | D:2      | Reached skill level 1 in Fighting
   476 | D:2      | Found Zin's Purification Station.
   479 | D:2      | Found a glowing silver altar of Zin.
   933 | D:1      | Reached XP level 3. HP: 28/28 MP: 3/6
  1904 | D:2      | Reached XP level 4. HP: 36/36 MP: 5/7
  1928 | D:2      | Learned a level 4 spell: Iskenderun's Mystic Blast
  1957 | D:2      | Reached skill level 5 in Conjurations
  2249 | D:2      | Bought a potion of curing for 90 gold pieces
  3146 | D:3      | Found a sparkling altar of Nemelex Xobeh.
  3516 | D:4      | Noticed an ogre
  3566 | D:4      | Found Qasil's Antique Armour Shop.
  3589 | D:4      | Reached XP level 5. HP: 41/42 MP: 0/9
  3702 | D:4      | Found a staircase to the Ecumenical Temple.
  3722 | D:4      | Noticed a phantom
  3727 | Temple   | Entered the Ecumenical Temple
  4030 | Temple   | Became a worshipper of Vehumet
  4271 | D:4      | Found Norheaw's Armour Emporium.
  4708 | D:4      | Reached XP level 6. HP: 51/51 MP: 7/10
  4732 | D:4      | Reached skill level 6 in Conjurations
  4888 | D:4      | Found Kiskosah's Assorted Antiques.
  4943 | D:4      | Found Koklyok's Weapon Emporium.
  5463 | D:4      | Found Sanuinom's Weapon Shoppe.
  5499 | D:5      | Entered Level 5 of the Dungeon
  5728 | D:4      | Your scales start taking on a pale cyan-grey colour.
  5728 | D:4      | Reached XP level 7. HP: 30/58 MP: 4/12
  6011 | D:5      | Found a sand-covered staircase.
  6018 | Ossuary  | Entered an ossuary
  6040 | Ossuary  | Reached * piety under Vehumet
  6040 | Ossuary  | Offered knowledge of Sandblast by Vehumet.
  6103 | Ossuary  | Reached skill level 7 in Conjurations
  6401 | Ossuary  | Reached ** piety under Vehumet
  6401 | Ossuary  | Offered knowledge of Foxfire by Vehumet.
  6888 | D:5      | Reached XP level 8. HP: 66/67 MP: 9/14
  7185 | D:5      | Reached skill level 5 in Fighting
  7276 | D:5      | Reached skill level 8 in Conjurations
  7422 | D:5      | Offered knowledge of Frozen Ramparts by Vehumet.
  7427 | D:5      | Reached skill level 5 in Spellcasting
  8044 | D:6      | Reached *** piety under Vehumet
  8476 | D:6      | Reached skill level 9 in Conjurations
  8515 | D:6      | Offered knowledge of Airstrike by Vehumet.
  8551 | D:6      | Learned a level 4 spell: Airstrike
  8604 | D:6      | Learned a level 4 spell: Olgreb's Toxic Radiance
  8678 | D:6      | Noticed Prince Ribbit
  8687 | D:6      | Killed Prince Ribbit
  8688 | D:6      | Reached skill level 1 in Translocations
  8688 | D:6      | Reached XP level 9. HP: 75/75 MP: 11/17
  9467 | D:6      | Reached **** piety under Vehumet
  9547 | D:6      | Offered knowledge of Fireball by Vehumet.
 10229 | D:7      | Found Jueb's Magic Scroll Emporium.
 10474 | D:7      | Learned a level 5 spell: Fireball
 10945 | D:8      | Reached ***** piety under Vehumet
 10945 | D:8      | Offered knowledge of Conjure Ball Lightning by Vehumet.
 10946 | D:8      | Reached skill level 10 in Conjurations
 11335 | D:8      | Found a staircase to the Lair.
 11760 | D:8      | Reached skill level 1 in Fire Magic
 11760 | D:8      | Reached XP level 10. HP: 73/85 MP: 20/20
 12406 | D:8      | Reached skill level 1 in Poison Magic
 12653 | D:4      | Bought a pair of smoking boots for 209 gold pieces
 12653 | D:4      | Bought a dazzling cloak for 209 gold pieces
 12668 | D:4      | Identified the +2 pair of boots of Lugonu's Approval {+Fly
                  | Str+3 Int+5} (You bought it in a shop on level 4 of the
                  | Dungeon)
 12673 | D:4      | Identified the +0 cloak of Cheibriados {rN+ Will++} (You
                  | bought it in a shop on level 4 of the Dungeon)
 12699 | D:4      | Bought a +0 buckler for 45 gold pieces
 13009 | D:9      | Reached skill level 1 in Shields
 13200 | D:9      | Noticed a gargoyle
 13202 | D:9      | Killed a gargoyle
 13595 | D:9      | Found a staircase to the Orcish Mines.
 14330 | D:10     | Entered Level 10 of the Dungeon
 14645 | D:10     | Found a roughly hewn altar of Beogh.
 15351 | D:10     | Offered knowledge of Bolt of Magma by Vehumet.
 15353 | D:10     | Killed an unseen horror
 15354 | D:10     | Reached skill level 5 in Fire Magic
 15821 | D:11     | Noticed a boulder beetle
 15928 | D:11     | Reached XP level 11. HP: 80/97 MP: 12/23
 15928 | D:11     | Noticed an eight-headed hydra
 15940 | D:11     | Killed an eight-headed hydra
 16107 | D:11     | Found a sacrificial altar of Ru.
 16428 | D:11     | Noticed a purple ugly thing
 16439 | D:11     | Killed a purple ugly thing
 16440 | D:11     | Reached skill level 5 in Shields
 16456 | D:11     | Demolished by a boulder beetle

Illustrated notes

Levels and vault maps discovered:
D:1:      wander_arrival_abandoned_jail, layout_loops_ring
D:2:      layout_basic, zin_purify
D:3:      layout_basic, nemelex_dance_club_becter
D:4:      layout_loops_ring, minmay_temple_entry_butterflies, serial_shops,
          shop, kennysheep_mini_moat, nicolae_shop_trees, shop,
          nicolae_shop_crystal
D:5:      minmay_bubble_buster, layout_basic, nicolae_ossuary_entry_monument,
          minmay_fractal_squares_diagonal_5
D:6:      minmay_goblin_kobold_castle, layout_basic, minmay_fractal_squares_5,
          uniq_prince_ribbit1
D:7:      layout_gridville, serial_shops, nicolae_shop_stone,
          kennysheep_generic_room_14
D:8:      layout_basic, due_lair_maze_entry_diamond
D:9:      layout_basic, erik_orc_1
D:10:     layout_loops_corners, special_room [special_room_orc]
D:11:     layout_rooms, st_stairs_12, nicolae_ru_sacrificial_ziggurat
Temple:   regret_index_temple_sigil_plot

Skill      XL: |  1  2  3  4  5  6  7  8  9 10 11 |
---------------+----------------------------------+-----
Fighting       | 1 2 3 4 6 8 9 |  9.7
Conjurations   | 5 6 7 9 10 | 10.0
Spellcasting   | 3 4 5 7 8 |  8.5
Translocations | 1 3 |  3.0
Fire Magic     | 1 5 |  5.0
Poison Magic   | 3 |  3.0
Shields        | 4 5 |  5.1
Dodging        | |  1.7
Stealth        | |  1.7

Action                   |  1- 3 |  4- 6 |  7- 9 | 10-12 || total
-------------------------+-------+-------+-------+-------++-------
Melee: Hand axe          |    10 |     7 |     1 |       ||    18
       Tailslap          |       |     1 |       |       ||     1
Throw: Dart              |     8 |     5 |     1 |     4 ||    18
 Cast: Magic Dart        |    70 |   135 |   365 |   287 ||   857
       Searing Ray       |       |     4 |    31 |    20 ||    55
       Iskenderun's Myst |       |       |     4 |    13 ||    17
       Olgreb's Toxic Ra |       |       |     4 |     1 ||     5
       Fireball          |       |       |       |    23 ||    23
 Abil: Breathe Steam     |       |       |       |     1 ||     1
  Use: Potion            |     1 |     1 |       |       ||     2
       Scroll            |       |       |    16 |     5 ||    21
Armor: Skin              |     5 |    14 |    46 |    36 ||   101
Dodge: Dodged            |    11 |    25 |   107 |    42 ||   185
Block: Buckler           |       |       |       |    12 ||    12
       Kite shield       |       |       |       |    10 ||    10

Table legend: (Time is in decaauts)
 A = Elapsed time spent in this place.
 B = Non-inter-level travel time spent in this place.
 C = Inter-level travel time spent in this place.
 D = Time resting spent in this place.
 E = Time spent auto-exploring this place.
 F = Levels seen in this place.
 G = Mean time per level.
                   A        B        C        D        E       F      G
               +--------+--------+--------+--------+--------+-----+--------+
         Total |  16475 |  15677 |    798 |   6465 |   7127 |  13 | 1267.3 |
       Dungeon |  15682 |  14921 |    761 |   6188 |   6718 |  11 | 1425.6 |
        Temple |    321 |    284 |     37 |     18 |    264 |   1 |  321.0 |
       Ossuary |    471 |    471 |      0 |    259 |    145 |   1 |  471.0 |
               +--------+--------+--------+--------+--------+-----+--------+

Top non-repeatable levels by time:
     D:6: 2272 daAuts
     D:3: 1802 daAuts
     D:8: 1759 daAuts
     D:4: 1689 daAuts
    D:10: 1546 daAuts
     D:9: 1544 daAuts
     D:5: 1323 daAuts
     D:1: 1292 daAuts
     D:2: 978 daAuts
     D:7: 892 daAuts
    D:11: 581 daAuts
 Ossuary: 471 daAuts
  Temple: 321 daAuts
